 Seeded DCSS version 0.24.1-8-ga250c9d538 (webtiles) character file.

Game seed: 16822949236002016354, levelgen mode: deterministic

42 Masnef the Sneak (level 3, 0/22 HPs)
             Began as an Octopode Enchanter on Apr 29, 2020.
             Succumbed to a kobold's poison
             ... on level 1 of the Dungeon.
             The game lasted 00:02:39 (917 turns).

Masnef the Sneak (Octopode Enchanter)                Turns: 917, Time: 00:02:39

Health: 0/22       AC:  1    Str:  7    XL:     3   Next: 54%
Magic:  1/6        EV: 13    Int: 18    God:
Gold:   42         SH:  0    Dex: 12    Spells: 0/6 levels left

rFire    . . .     SeeInvis .   a - +1 dagger
rCold    . . .     Gourm    .   (no shield)
rNeg     . . .     Faith    .   (helmet restricted)
rPois    .         Spirit   .   (no amulet)
rElec    .         Reflect  .   (no ring)
rCorr    .         Harm     .   (no ring)
MR       .....                  (no ring)
Stlth    ++++......             (no ring)
HPRegen  0.07/turn              (no ring)
MPRegen  0.10/turn              (no ring)
                                (no ring)
                                (no ring)

@: lethally poisoned (0 -> -10)
A: almost no armour, stealthy swim, amphibious, 8 rings, constrict 8, camouflage
1, gelatinous body 1
a: no special abilities


You were on level 1 of the Dungeon.
You were not hungry.

You visited 1 branch of the dungeon, and saw 2 of its levels.

You collected 42 gold pieces.

Inventory:

Hand Weapons
 a - a +1 dagger (weapon)
Scrolls
 d - 3 scrolls of identify {unknown}
 e - a scroll of fog {unknown}
 f - a scroll of amnesia {unknown}
Comestibles
 b - 7 chunks of flesh
 c - 3 rations


   Skills:
 + Level 0.8 Fighting
 * Level 2.0 Short Blades
 + Level 2.0 Dodging
 * Level 5.3 Stealth
 - Level 2.0 Spellcasting
 + Level 3.0 Hexes


You couldn't memorise any spells.
You knew the following spells:

 Your Spells              Type           Power        Failure   Level  Hunger
a - Corona                Hex            ##.....      5%          1    #......
b - Ensorcelled Hibernat  Hex/Ice        #.....       14%         2    ###....
c - Confuse               Hex            ##......     16%         3    ###....

Your spell library contained the following spells:

 Spells                   Type           Power        Failure   Level  Hunger
 Tukima's Dance           Hex            ##......     16%         3    ###....
 Dazzling Spray           Conj/Hex       #.....       28%         3    ###....


Dungeon Overview and Level Annotations

Branches:
Dungeon (2/15)

Altars:


Innate Abilities, Weirdness & Mutations

You cannot wear most types of armour.
You are very stealthy in the water. (Stealth+)
You are amphibious.
You can wear up to eight rings at the same time.
You can use your tentacles to constrict eight enemies at once.
Your skin changes colour to match your surroundings (Stealth+).
Your rubbery body absorbs attacks. (AC +1, EV +1)


Message History

Aiming: Ensorcelled Hibernation (safe; 14% risk of failure)
Press: ? - help, Shift-Dir - straight line, f/p - kobold
Aim: a kobold, wielding a +4 short sword of venom (chance to defeat MR: 56%)
The kobold resists with significant effort.
The kobold closely misses you.
You aren't carrying any items that you can evoke.
You feel sick.
You feel sick.
You feel sick.
There is an open door here.
You feel sick.
You feel sick.
There is an open door here.
There is a stone staircase leading up here.
You feel sick.
The kobold hits you with a +4 short sword of venom.
* * * LOW HITPOINT WARNING * * *
You are more poisoned.
You climb upwards.
You die...

#.#.# #.#.# #.#.# #####
########## #.#.# ....# #........#
#.#.# ....######### #........#
#.#.# ............# #........#
#.#.#
............####K.......####.#.#
............'...@..........#.#.##
###.........####.#########.#.#.#.
###.........####'## #...#.##
..........#.......############.#
#########.#....................#
# #[.........############# #
##.........# # #.........# #
#.###.....#


You could see a kobold.

Vanquished Creatures
  A gnoll (D:1)
  An ooze (D:1)
  A dart slug (D:1)
  A ball python (D:2)
  2 giant cockroaches (D:1)
  5 goblins (D:1)
  5 jackals (D:1)
  2 kobolds (D:1)
  A bat (D:2)
  4 rats
23 creatures vanquished.

Notes
Turn   | Place    | Note
-------+----------+-------------------------------------------
     0 | D:1      | Masnef the Octopode Enchanter began the quest for the Orb.
     0 | D:1      | Reached XP level 1. HP: 11/11 MP: 3/3
    38 | D:1      | Reached XP level 2. HP: 17/17 MP: 5/5
    71 | D:1      | Learned a level 2 spell: Ensorcelled Hibernation
   316 | D:1      | Reached skill level 5 in Stealth
   316 | D:1      | Reached XP level 3. HP: 22/22 MP: 1/6
   824 | D:2      | Learned a level 3 spell: Confuse
   916 | D:2      | HP: 1/22 [kobold/+4 short sword of venom (5)]
   917 | D:1      | Succumbed to a kobold's poison

Levels and vault maps discovered:
D:1:      grunt_arrival_lava_bath, layout_basic
D:2:      layout_basic, lemuel_round_altar, old_standard_altar,
          lemuel_doored_altar

Skill      XL: |  1  2  3 |
---------------+----------+-----
Stealth        | 5 |  5.3
Short Blades   | 2 |  2.0
Fighting       | |  0.8
Dodging        | |  2.0
Spellcasting   | |  2.0
Hexes          | |  3.0

Action                   || total
-------------------------++-------
Melee: Dagger            ||    37
       Constrict         ||    12
       Tentacles         ||     7
 Cast: Ensorcelled Hiber ||     5
       Corona            ||     1
 Stab: Sleeping          ||     9
Armor: Skin              ||     4
Dodge: Dodged            ||    23
